 Dungeon Crawl Stone Soup version 0.28.0-49-g6dfe1f597d (webtiles) character file.

Game seed: 6129665478442835429

421 GigaChad the Slasher (level 6, 0/53 HPs)
             Began as a Minotaur Fighter on May 11, 2022.
             Slain by a wight
             ... wielding a +2 great sword
              (15 damage)
             ... on level 5 of the Dungeon.
             The game lasted 00:04:09 (1838 turns).

GigaChad the Slasher (Minotaur Fighter)             Turns: 1838, Time: 00:04:10

Health: 0/53       AC:  7    Str: 20    XL:     6   Next: 62%
Magic:  5/5        EV: 14    Int:  5    God:
Gold:   183        SH:  5    Dex: 12    Spells: 5/5 levels left

rFire   . . .      SeeInvis .   a - +0 long sword
rCold   . . .      Faith    .   c - +0 buckler
rNeg    . . .      Spirit   .   b - +0 scale mail
rPois   .          Reflect  .   (helmet restricted)
rElec   .          Harm     .   (no cloak)
rCorr   .          Rampage  .   (no gloves)
Will    .....                   (no boots)
Stlth   ..........              g - amulet of regeneration
HPRegen 0.97/turn               f - +4 ring of evasion
MPRegen 0.09/turn               (no ring)

@: no status effects
A: horns 2, retaliatory headbutt
a: no special abilities


You were on level 5 of the Dungeon.
You visited 1 branch of the dungeon, and saw 5 of its levels.

You collected 183 gold pieces.

Inventory:

Hand Weapons
 a - a +0 long sword (weapon)
Armour
 b - a +0 scale mail (worn)
 c - a +0 buckler (worn)
Jewellery
 f - a +4 ring of evasion (left hand)
 g - an amulet of regeneration (around neck)
Scrolls
 e - 4 scrolls of teleportation {unknown}
 j - 2 scrolls of identify {unknown}
 l - a scroll of noise {unknown}
 m - a scroll of enchant weapon {unknown}
 n - a scroll of blinking {unknown}
 o - a scroll of fear {unknown}
Potions
 d - a potion of might
 h - a potion of cancellation {unknown}
 i - 3 potions of curing {unknown}
 k - 2 potions of heal wounds {unknown}


   Skills:
 + Level 4.7 Fighting
 + Level 5.7 Long Blades
 + Level 5.0 Armour
 + Level 2.0 Dodging
 + Level 0.2 Stealth
 + Level 5.0 Shields


You had 5 spell levels left.
You didn't know any spells.
Your spell library was empty.

Dungeon Overview and Level Annotations

Branches:
Dungeon (6/15)
 Temple: D:4-7

Altars:
Vehumet

Shops:
D:6 [

Annotations:
D:6 Pikel


Innate Abilities, Weirdness & Mutations

You have a pair of horns on your head.
You reflexively headbutt those who attack you in melee.


Message History

Something shocks you. You block the wight's attack.
The wight hits you with a +2 great sword!
* * * LOW HITPOINT WARNING * * *
You feel drained.
* * * LOW HITPOINT WARNING * * *
You closely miss something. Something hits you but does no damage.
You block the wight's attack. The wight barely misses you.
A sky beast appears from thin air!
Reactivating autopickup.
The sky beast hits you but does no damage.
The wight barely misses you. The wight hits you but does no damage.
You hit the wight.
The wight is severely damaged.
The sky beast hits you but does no damage.
The wight closely misses you. You furiously retaliate!
You headbutt the wight!
You destroy the wight!
You block the wight's attack. You block the sky beast's attack.
Your life force feels restored.
Your Armour skill increases to level 5!
Your Dodging skill increases to level 2!
Your Shields skill increases to level 5!
Things that are here:
a +0 hand axe; a +0 robe You closely miss the wight.
You headbutt the wight.
The wight is moderately damaged.
You block the wight's attack.
The sky beast hits you but does no damage.
You barely miss the wight.
The wight is moderately damaged.
The wight hits you but does no damage. The sky beast misses you.
You furiously retaliate!
You headbutt the sky beast. You hit the wight but do no damage.
You headbutt the wight.
The wight is heavily damaged.
The wight completely misses you. You furiously retaliate!
You headbutt the wight, but do no damage.
The sky beast completely misses you.
You hit the wight. You headbutt the wight.
The wight is almost destroyed.
The wight hits you with a +2 great sword!
You die...

....## .$.....
....# .( ...#...#
..<.# #.# ..##...#
....# #.# #.##.#.#
....#####.# #.#..#
#
##.....##.####.#.)#
.#####.##......#..#
... .#.##..###.#zY#
####.#.......^..@.#
#................#
#.+########+.....#
##.#.. ..#.....#
...#.+####+.#.....#
...#.#..(.#.#...#.#
...#.#.##.#.#.....#
...#.#.##.#.#.....#
...#.#....#.#...#.#


You could see a sky beast and a wight.

Vanquished Creatures
  An ogre (D:5)
  A lemure (D:5)
  A scorpion (D:5)
  A water moccasin zombie (D:5)
  2 wights (D:5)
  A hound (D:5)
  4 adders
  A white imp (D:5)
  2 worms
  2 dart slugs
  6 endoplasms
  2 giant cockroaches (D:1)
  5 hobgoblins
  5 jackals
  3 quokkas
  6 ball pythons
  5 bats
  A frilled lizard (D:2)
  8 goblins
  4 kobolds
  3 rats
64 creatures vanquished.

Notes
Turn   | Place    | Note
-------+----------+-------------------------------------------
     0 | D:1      | GigaChad the Minotaur Fighter began the quest for the Orb.
     0 | D:1      | Reached XP level 1. HP: 19/19 MP: 0/0
    85 | D:1      | Reached XP level 2. HP: 27/27 MP: 1/1
   143 | D:1      | Found a faded altar of an unknown god.
   555 | D:2      | Reached XP level 3. HP: 33/33 MP: 2/2
  1328 | D:3      | Reached XP level 4. HP: 40/40 MP: 3/3
  1490 | D:3      | Found a radiant altar of Vehumet.
  1568 | D:3      | You fall into a shaft and drop 3 floors!
  1568 | D:6      | Found Wosobb's Antique Armour Shoppe.
  1582 | D:6      | Noticed a lemure
  1583 | D:6      | Noticed a lemure
  1583 | D:6      | Noticed a lemure
  1584 | D:6      | Noticed Pikel
  1585 | D:6      | Noticed a lemure
  1602 | D:5      | Entered Level 5 of the Dungeon
  1611 | D:5      | Killed a lemure
  1620 | D:5      | Reached skill level 1 in Dodging
  1620 | D:5      | Reached XP level 5. HP: 43/47 MP: 4/4
  1637 | D:5      | Noticed an ogre
  1647 | D:5      | Killed an ogre
  1648 | D:5      | Reached XP level 6. HP: 53/53 MP: 5/5
  1677 | D:5      | Reached skill level 5 in Long Blades
  1816 | D:5      | Noticed a sky beast
  1833 | D:5      | Reached skill level 5 in Armour
  1833 | D:5      | Reached skill level 5 in Shields
  1838 | D:5      | Slain by a wight

Illustrated notes

Levels and vault maps discovered:
D:1:      wheals_arrival_linesprint, layout_rooms,
          hellmonk_ecumenical_altar_leap_of_faith
D:2:      layout_basic
D:3:      layout_loops_corners, mainiacjoe_overflow_swirl, lemuel_crystal_altar,
          st_stairs_11
D:5:      layout_rooms, chequers_arboretum, minivault_11
D:6:      layout_gridville, minmay_temple_entry_mist, serial_shops,
          nicolae_shop_waterfront, kennysheep_boxes, uniq_pikel

Skill      XL: |  1  2  3  4  5  6 |
---------------+-------------------+-----
Shields        | 4 5 |  5.0
Armour         | 4 5 |  5.0
Fighting       | 4 |  4.7
Long Blades    | 3 4 5 |  5.7
Dodging        | 1 2 |  2.0
Stealth        | |  0.2

Action                   |  1- 3 |  4- 6 || total
-------------------------+-------+-------++-------
Melee: Long sword        |    70 |    65 ||   135
       Headbutt          |    13 |    15 ||    28
Armor: Scale mail        |    27 |    23 ||    50
Dodge: Dodged            |    52 |    66 ||   118
Block: Buckler           |    17 |    26 ||    43
